 Dungeon Crawl Stone Soup version 0.29.0-4-gdea44cf6ec (webtiles) character file.

Game seed: 8402011912544227862

25 qw the Chopper (level 3, 0/21 HPs)
             Began as a Tengu Warper on Aug 28, 2022.
             Succumbed to their own poison gas
             ... on level 1 of the Dungeon.
             The game lasted 00:00:06 (1508 turns).

qw the Chopper (Tengu Warper)                       Turns: 1508, Time: 00:00:06

Health: 0/21       AC:  5    Str: 13    XL:     3   Next: 4%
Magic:  7/7        EV: 11    Int: 13    God:
Gold:   80         SH:  0    Dex: 13    Spells: 6/6 levels left

rFire   . . .      SeeInvis .   Y - +0 hand axe
rCold   . . .      Faith    .   (no shield)
rNeg    . . .      Spirit   .   f - +0 ring mail
rPois   .          Reflect  .   (helmet restricted)
rElec   .          Harm     .   (no cloak)
rCorr   .          Rampage  .   (no gloves)
Will    +....                   (boots unavailable)
Stlth   +.........              (no amulet)
HPRegen 0.07/turn               g - ring of willpower
MPRegen 0.10/turn               (no ring)

@: lethally poisoned (0 -> -5)
A: beak, talons 3
a: no special abilities


You were on level 1 of the Dungeon.
You visited 1 branch of the dungeon, and saw 1 of its levels.

You collected 80 gold pieces.


Innate Abilities, Weirdness & Mutations

You have a beak for a mouth.
You have claws for feet.


   Skills:
 - Level 2.0 Fighting
 + Level 3.8 Axes
 - Level 1.0 Throwing
 - Level 1.1 Armour
 - Level 2.1 Dodging
 - Level 2.0 Spellcasting
 - Level 2.4 Translocations


You had 6 spell levels left.
You didn't know any spells.
Your spell library contained the following spells:

 Spells                   Type           Power      Damage    Failure   Level
 Blink                    Tloc           14%        N/A       30%         2
 Gell's Gravitas          Tloc           7%         N/A       52%         3
 Lesser Beckoning         Tloc           7%         N/A       52%         3
 Teleport Other           Tloc           7%         N/A       52%         3
 Manifold Assault         Tloc           7%         N/A       99%         5

Inventory:

Hand Weapons
 e - a +0 whip
 Y - a +0 hand axe (weapon)
Armour
 f - a +0 ring mail (worn)
Jewellery
 g - a ring of willpower (left hand)
Potions
 d - a potion of curing {unknown}
 i - a potion of heal wounds {unknown}

Dungeon Overview and Level Annotations

Branches:
Dungeon (1/15)

Altars:


Message History

1498 ||| READING scroll labelled UQYVEM UMNICW.
As you read the scroll labelled UQYVEM UMNICW, it crumbles to dust.
You assume a fearsome visage.
Nothing appears to happen.
It was a scroll of fear.
Done exploring.
1499 ||| READING scroll labelled CIECHEOMOE.
The air fills with toxic fumes!
As you read the scroll labelled CIECHEOMOE, it crumbles to dust.
It was a scroll of poison.
Done exploring.
1500 ||| READING scroll labelled UQAOCAFOAPS.
As you read the scroll labelled UQAOCAFOAPS, it crumbles to dust.
It is a scroll of amnesia.
You feel forgetful for a moment.
Done exploring.
1501 ||| DROPPING scroll of blinking.
You drop a scroll of blinking.
Done exploring.
(D) Dungeon
Where to? (* - list waypoints, ? - help)
What level of the Dungeon? (default 1, ? - help) Sorry, I don't know how to get there.
Done exploring.
1502 ||| Stepping randomly (stuck).
Really walk into that cloud of poison gas?
You are engulfed in poison gas.
You are lethally poisoned!
You feel very sick.
1503 ||| Stepping ~*~*~tactically~*~*~ (cloud).
You feel very sick.
Things that are here:
a scroll of blinking; a +0 leather armour
There is a lethal amount of poison in your body!
You feel very sick.
There is a lethal amount of poison in your body!
You feel very sick.
There is a lethal amount of poison in your body!
You feel sick.
There is a lethal amount of poison in your body!
You feel sick.
There is a lethal amount of poison in your body!
You die...

#.##.#######.#
#.##.#.......##
#.##.......0¤¤#
#....#.#####¤¤#
#.##.#.#####00###
#....#.#...¤00¤.#
#######.#.#.###0¤#.#
........#.#.###0¤#¤####
#########.#.##0¤@¤0¤¤0#
.........>#.##¤0¤######
..#######.#.##0¤0#
..#######.#.##00¤#
..##........##0¤¤#
..##......####¤¤¤#
..##......# #0¤0#
...#......# #0¤¤#
...#......# #...#


There were no monsters in sight!

Vanquished Creatures
  2 dart slugs (D:1)
  2 bats (D:1)
  A giant cockroach (D:1)
  4 hobgoblins (D:1)
  5 kobolds (D:1)
  A quokka (D:1)
  A ball python (D:1)
  A frilled lizard (D:1)
  A goblin (D:1)
18 creatures vanquished.

Notes
Turn   | Place    | Note
-------+----------+-------------------------------------------
     0 | D:1      | qw the Tengu Warper began the quest for the Orb.
     0 | D:1      | Reached XP level 1. HP: 12/12 MP: 4/4
     0 | D:1      | 0 ||| qw: Version: 0.1-a-89-g26bdef1
     0 | D:1      | 0 ||| qw: Game counter: 513
     0 | D:1      | 0 ||| qw: Always use a shield: true
     0 | D:1      | 0 ||| qw: God list: Okawaru
     0 | D:1      | 0 ||| qw: Allow faded altars: false
     0 | D:1      | 0 ||| qw: Do Orc after D:15 true
     0 | D:1      | 0 ||| qw: Do second Lair branch before Depths: true
     0 | D:1      | 0 ||| qw: Lair rune preference: random
     0 | D:1      | 0 ||| qw: Plans: Normal
     0 | D:1      | 0 ||| PLANNING D:1-11
    57 | D:1      | 57 ||| Stepping ~*~*~tactically~*~*~ (stealth).
    97 | D:1      | 97 ||| Stepping ~*~*~tactically~*~*~ (stealth).
    98 | D:1      | 98 ||| Stepping ~*~*~tactically~*~*~ (stealth).
   361 | D:1      | Reached skill level 3 in Axes
   361 | D:1      | Reached XP level 2. HP: 13/17 MP: 6/6
   372 | D:1      | 372 ||| Stepping ~*~*~tactically~*~*~ (stealth).
   434 | D:1      | 434 ||| Stepping ~*~*~tactically~*~*~ (stealth).
   579 | D:1      | 579 ||| Stepping ~*~*~tactically~*~*~ (hiding).
  1059 | D:1      | 1059 ||| Stepping ~*~*~tactically~*~*~ (stealth).
  1061 | D:1      | 1061 ||| Stepping ~*~*~tactically~*~*~ (stealth).
  1136 | D:1      | Reached XP level 3. HP: 21/21 MP: 7/7
  1486 | D:1      | 1486 ||| UPGRADING to +0 ring mail.
  1496 | D:1      | 1496 ||| DROPPING +0 leather armour.
  1497 | D:1      | 1497 ||| UPGRADING to ring of willpower.
  1498 | D:1      | 1498 ||| READING scroll labelled UQYVEM UMNICW.
  1499 | D:1      | 1499 ||| READING scroll labelled CIECHEOMOE.
  1500 | D:1      | 1500 ||| READING scroll labelled UQAOCAFOAPS.
  1501 | D:1      | 1501 ||| DROPPING scroll of blinking.
  1502 | D:1      | 1502 ||| Stepping randomly (stuck).
  1503 | D:1      | 1503 ||| Stepping ~*~*~tactically~*~*~ (cloud).
  1505 | D:1      | HP: 4/21 [poisoned by you (poison gas)]
  1507 | D:1      | HP: 1/21 [poisoned by you (poison gas)]
  1508 | D:1      | Succumbed to their own poison gas

Levels and vault maps discovered:
D:1:      roderic_dead_forest, layout_basic

Skill      XL: |  1 |
---------------+----+-----
Axes           | 3 |  3.8
Fighting       | |  2.0
Throwing       | |  1.0
Armour         | |  1.1
Dodging        | |  2.1
Spellcasting   | |  2.0
Translocations | |  2.4

Action                   || total
-------------------------++-------
Melee: Hand axe          ||    47
       Peck              ||     4
       Kick              ||    11
Throw: Boomerang         ||     7
  Use: Scroll            ||     3
 Stab: Distracted        ||     1
Armor: Leather armour    ||    14
Dodge: Dodged            ||    15

Table legend:
 A = Non-vault XP
 B = Vault XP
 C = Vault XP percentage of total XP
 D = Non-vault monster count
 E = Vault monster count
 F = Vault count percentage of total count
                 A         B        C        D         E       F
            +---------+---------+-------+---------+---------+-------
      Total |      36 |       0 |   0.0 |      18 |       0 |   0.0
            +---------+---------+-------+---------+---------+-------
        D:1 |      36 |       0 |   0.0 |      18 |       0 |   0.0
            +---------+---------+-------+---------+---------+-------
